 Dungeon Crawl Stone Soup version 0.24-a0-205-g1d96822 (webtiles) character file.

Game seed: 4099920731969679524

148976 AyuseKozue the Devastator (level 16, -12/117 HPs)
             Began as a Demonspawn Fire Elementalist on Mar 29, 2019.
             Was the Champion of Vehumet.
             Mangled by an alligator zombie (24 damage)
             ... on level 4 of the Swamp.
             The game lasted 00:59:44 (26420 turns).

AyuseKozue the Devastator (DsFE)                   Turns: 26420, Time: 00:59:44

Health: -12/117    AC: 17    Str: 13    XL:     16   Next: 95%
Magic:  0/39       EV: 12    Int: 28    God:    Vehumet [******]
Gold:   1552       SH:  5    Dex: 13    Spells: 14/45 levels left

rFire    . . .     SeeInvis .   g - +6 flail "Oxirch" {crush, Stlth+}
rCold    + . .     Gourm    .   X - +0 buckler of the Ninety-Nine Ships {Regen+}
rNeg     + + +     Faith    .   N - +3 leather armour of Hide-and-Seek {rN+++ Regen+ Str+4 Dex-3}
rPois    .         Spirit   +   v - +0 Maxwell's etheric cage {RegenMP+ *Contam rElec MP+4}
rElec    +         Reflect  .   n - scarf {cloud immunity}
rCorr    .         Harm     +   (gloves unavailable)
MR       +....                  T - +2 pair of boots {Stlth+}
Stlth    ++........             Z - amulet of harm
HPRegen  1.09/turn              M - ring of protection from cold MPRegen 1.02/turn*
                                w - +5 ring of intelligence

@: about to teleport, marked, sanguine armour, very slow
A: claws 3, fangs 1, talons 1, clever 1, demonic guardian 2, magic shield, magic
regeneration, sanguine armour 1
a: Renounce Religion


You were on level 4 of the Swamp.
You worshipped Vehumet.
Vehumet was exalted by your worship.
You were near starving.

You visited 6 branches of the dungeon, and saw 28 of its levels.
You also visited: Ice Cave.

You collected 3058 gold pieces.
You spent 1506 gold pieces at shops.

Inventory:

Hand Weapons
 g - the +6 flail "Oxirch" (weapon) {crush, Stlth+}
   (You found it on level 2 of the Lair of Beasts)

   It inflicts extra damage upon your enemies.
   It makes you more stealthy.
Armour
 n - a scarf of cloud immunity (worn)
 q - a +2 shield of reflection
 v - the +0 Maxwell's etheric cage (worn) {RegenMP+ *Contam rElec MP+4}
   (You found it on level 1 of the Dungeon)

   It insulates you from electricity.
   It affects your magic capacity (+4).
   It causes magical contamination when unequipped.
 N - the +3 leather armour of Hide-and-Seek (worn) {rN+++ Regen+ Str+4 Dex-3}
   (You bought it in a shop on level 12 of the Dungeon)

   It affects your strength (+4).
   It affects your dexterity (-3).
   It renders you almost immune to negative energy.
   It increases your rate of regeneration.
 Q - the +1 robe "Edofas" {Int+4}
   (You found it on level 6 of the Lair of Beasts)

   It affects your intelligence (+4).
 T - a +2 pair of boots of stealth (worn)
 X - the +0 buckler of the Ninety-Nine Ships (worn) {Regen+}
   (You acquired it on level 2 of the Orcish Mines)

   It increases your rate of regeneration.
 Y - a +2 buckler of fire resistance
Jewellery
 a - a +2 ring of evasion {unknown}
 r - an uncursed ring of see invisible
 w - a +5 ring of intelligence (right claw)
 I - a +4 ring of intelligence
 L - an uncursed ring of protection from fire
 M - a ring of protection from cold (left claw)
 Z - an amulet of harm (around neck)
Wands
 b - a wand of iceblast (7)
 l - a wand of polymorph (4)
 D - a wand of digging (12)
 S - a wand of acid (2)
Scrolls
 d - 7 scrolls of enchant armour
 f - 9 scrolls of teleportation
 h - 13 scrolls of remove curse
 i - 2 scrolls of amnesia
 k - 4 scrolls of blinking
 m - 2 scrolls of vulnerability {unknown}
 p - a scroll of torment
 u - 4 scrolls of fear
 x - 4 scrolls of fog
 A - 3 scrolls of enchant weapon
 H - 2 scrolls of magic mapping
 K - 4 scrolls of immolation
 O - a scroll of summoning
 P - 2 scrolls of holy word
 R - 9 scrolls of identify
 V - 2 scrolls of silence
Potions
 e - a potion of ambrosia
 j - 4 potions of heal wounds
 o - 6 potions of curing
 s - 2 potions of flight
 z - 2 potions of resistance
 B - 4 potions of invisibility
 C - 2 potions of mutation
 E - 2 potions of brilliance
 G - a potion of lignification
 U - a potion of berserk rage
Comestibles
 c - 48 rations


   Skills:
 - Level 8.1 Fighting
 - Level 5.0 Armour
 - Level 1.7 Dodging
 - Level 1.7 Stealth
 + Level 7.0 Shields
 + Level 15.4 Spellcasting
 + Level 15.7 Conjurations
 + Level 14.8 Fire Magic


You had 14 spell levels left.
You knew the following spells:

 Your Spells              Type           Power        Failure   Level  Hunger
b - Conjure Flame         Conj/Fire      #######.     0%          3    None
c - Sticky Flame          Conj/Fire      #######.     1%          4    None
d - Fireball              Conj/Fire      #######...   1%          5    None
e - Bolt of Fire          Conj/Fire      #######...   1%          6    ###....
f - Iron Shot             Conj/Erth      ######....   4%          6    ###....
h - Spellforged Servitor  Conj/Summ      ######....   24%         7    #####..

Your spell library contained the following spells:

 Spells                   Type           Power        Failure   Level  Hunger
 Ozocubu's Refrigeration  Ice            ###.......   69%         6    ###....
 Flame Tongue             Conj/Fire      #####        0%          1    None
 Throw Flame              Conj/Fire      ######       0%          2    None
 Inner Flame              Hex/Fire       ######..     1%          3    None
 Bolt of Magma            Conj/Fire/Erth ######....   1%          5    None
 Animate Skeleton         Necr           N/A          2%          1    None
 Apportation              Tloc           ###...       2%          1    None
 Confusing Touch          Hex            ###...       2%          1    None
 Summon Butterflies       Summ           ###.....     2%          1    None
 Summon Small Mammal      Summ           ###.         2%          1    None
 Call Canine Familiar     Summ           ###.....     9%          3    None
 Leda's Liquefaction      Hex/Erth       ###.......   28%         4    None
 Summon Ice Beast         Ice/Summ       ###.....     28%         4    None
 Summon Mana Viper        Hex/Summ       ###.....     61%         5    None
 Statue Form              Tmut/Erth      ###......    99%         6    ###....
 Summon Hydra             Summ           ###.......   100%        7    #####..
 Shatter                  Erth           ###.......   100%        9    #######


Dungeon Overview and Level Annotations

Branches:
Dungeon (13/15)            Temple (1/1) D:6            Lair (6/6) D:9
  Swamp (4/4) Lair:4       Spider (0/4) Lair:2        Slime (0/5) Lair:6
    Orc (2/2) D:12            Elf (2/3) Orc:2
 Vaults: D:13-14

Altars:
Ashenzari
Dithmenos
Fedhas
Hepliaklqana
Kikubaaqudgha
Okawaru
Qazlal
Sif Muna
Uskayaw
Vehumet
Yredelemnul
Beogh
Jiyva

Shops:
D:9 *   D:12 [(   Orc:2 ?*=[(   Elf:1 }   Elf:2 ((*

Annotations:
Lair:4 2 transporters, Mnat's ghost, journeyman MiBe
Elf:2 3 runed translucent doors


Innate Abilities, Weirdness & Mutations

You have claws for hands.
A demonic guardian rushes to your aid.
When hurt, damage is shared between your health and your magic reserves.
You regenerate magic rapidly.
When seriously injured, your bleeding wounds create armour. (AC +6)
You have very sharp teeth.
You have sharp toenails.
Your mind is acute. (Int +2)


Message History

The alligator zombie barely misses you. The alligator zombie tail-slaps you!
* * * LOW HITPOINT WARNING * * *
Unknown command.
You feel better.
A bog body comes into view.
You block the spriggan rider's attack. The bog body misses you.
The bog body closely misses you.
The spiny frog is engulfed in a cloud of scalding steam.
The alligator zombie bites you.
* * * LOW HITPOINT WARNING * * *
The alligator zombie tail-slaps you.
* * * LOW HITPOINT WARNING * * *
Unknown command.
Why would you want to do that?
The spriggan rider hits you but does no damage.
The spriggan rider completely misses you.
The alligator zombie bites you!
* * * LOW HITPOINT WARNING * * *
The alligator zombie barely misses you. The alligator zombie bites you!!
You die...

♣♣♣*#...##♣≈3♣♣≈..♣♣♣♣♣♣♣♣♣
♣♣♣..*##### ♣.§.♣♣.♣♣.)..≈≈.♣♣
♣..≈≈♣♣♣♣♣♣♣♣≈§≈≈♣♣♣♣≈≈≈≈≈≈.≈♣
♣≈........≈≈≈≈≈≈†♣♣♣≈.≈≈≈≈≈.♣*
♣♣≈.≈§≈≈≈≈≈≈≈.≈≈3)....♣.≈.≈≈.♣
♣♣...♣♣≈...≈.§≈≈≈≈†§≈≈≈≈≈..♣♣♣♣
♣♣≈≈§.♣≈......≈≈≈≈≈†≈≈§§..♣♣♣
♣.≈≈≈..†≈≈...≈≈≈≈Z≈††≈≈≈≈.≈♣***
♣.≈≈≈≈÷≈≈≈≈≈§≈≈§@Zwn.≈§≈≈≈.♣*,***
.≈≈≈≈≈≈≈≈≈≈≈....≈iF.≈..n≈≈.♣*≈,,,
≈≈...§≈≈≈≈≈≈≈<..≈≈≈≈≈....≈♣♣**≈≈≈
≈.<♣≈≈.≈.≈≈§.≈♣≈.≈≈.≈...≈§..♣**≈≈
≈≈≈≈♣....≈<♣♣♣♣≈.≈§≈≈..≈≈.≈≈.♣*≈,
≈≈≈.♣♣...≈.♣ ♣♣≈...≈≈♣≈♣≈≈≈.♣*,≈
...≈*♣...≈.♣ *♣.≈≈.≈§.♣♣♣≈≈.≈♣≈≈
♣♣≈,*♣.≈≈..≈♣**≈≈≈≈≈<..≈**.≈..≈♣≈
*,≈≈≈♣...♣♣≈♣*≈≈≈≈≈.♣♣.,,≈≈≈≈≈≈.♣


You could see a tyrant leech, a spriggan rider, 2 bog bodies, a spiny frog, 2
alligator zombies and a friendly soul eater.

Vanquished Creatures
  Bai Suzhen (Swamp:3)
  Saint Roka (Orc:2)
  Jorgrun (Swamp:1)
  An Ice Fiend (IceCv)
  Gastronok (D:11)
  4 thorn hunters
  Donald (Swamp:2)
  An orc warlord (Orc:2)
  A deep elf demonologist (Elf:1)
  The ghost of robertstho the Cleaver, a journeyman MiCK of Xom (Lair:2)
  A deep elf high priest (Elf:1)
  12 hydras
  Harold (Lair:1)
  3 catoblepae (Lair:4)
  An ice dragon (Swamp:4)
  2 ghost crabs
  9 alligators
  4 shambling mangroves
  4 dancing weapons
  A centaur warrior (D:8)
  2 two-headed ogres (D:12)
  A tengu warrior (D:13)
  13 death yaks
  2 deep elf knights (Elf:2)
  Sonja (Lair:6)
  A death drake (Swamp:4)
  2 unseen horrors (D:12)
  3 spriggan druids
  A deep elf archer (Elf:1)
  A swamp dragon (Swamp:2)
  An orc knight (Orc:2)
  27 deep elf magi
  4 oklob plants (Lair:5)
  5 cyclopes
  2 manticores (Lair:4)
  A moth of wrath (Lair:2)
  3 ugly things
  3 ice statues (IceCv)
  6 black mambas
  3 centaur skeletons
  2 torpor snails (Lair:5)
  10 elephants
  18 spiny frogs
  A gargoyle (D:12)
  2 rime drakes
  7 komodo dragons
  An anaconda simulacrum (IceCv)
  6 polar bears
  9 ice devils (IceCv)
  A merfolk (D:12)
  7 trolls
  13 tyrant leeches
  13 hornets
  4 jumping spiders (Lair:2)
  3 bog bodies
  12 blink frogs
  10 hippogriffs
  17 dream sheep
  10 slime creatures
  An air elemental (Elf:2)
  4 redbacks (Lair:2)
  15 spriggans
  5 dire elephant simulacra
  3 water elementals
  A shadow (D:13)
  5 wyverns
  29 yaks
  A vampire (D:11)
  A human (D:12)
  3 wraiths
  2 basilisks
  2 hungry ghosts
  10 wargs
  20 vampire mosquitoes
  A harpy simulacrum (IceCv)
  3 iron troll simulacra (IceCv)
  11 insubstantial wisps
  10 swamp worms
  A soldier ant (D:12)
  7 water moccasins
  2 acid dragons
  3 swamp drakes
  9 porcupines
  3 hydra simulacra (IceCv)
  6 black bears
  3 ice beasts
  30 orc warriors
  2 sky beasts
  4 boggarts
  4 centaurs
  3 ogres
  22 wolves (Lair:6)
  4 crocodiles
  2 big kobolds
  Blork the orc (D:6)
  13 bullfrogs
  An earth elemental (Elf:1)
  A water moccasin zombie (D:6)
  3 scorpions
  A blink frog simulacrum (Lair:2)
  3 killer bees (D:9)
  3 wights (D:11)
  2 electric eels (Lair:4)
  5 howler monkeys
  3 crimson imps
  2 quasits
  2 bullfrog zombies (D:12)
  A water moccasin simulacrum (Lair:2)
  A centaur zombie (D:6)
  7 hounds
  4 jellies
  26 orc priests
  25 orc wizards
  3 bullfrog skeletons
  6 iguanas
  4 worker ants
  A bullfrog simulacrum (Lair:2)
  Robin (D:4)
  2 worker ant zombies
  8 gnolls (D:3)
  11 adders
  A howler monkey skeleton (D:10)
  2 shadow imps
  An ooze (D:5)
  3 adder zombies
  2 adder skeletons
  5 worms
  A dart slug (D:1)
  5 leopard geckos
  107 orcs
  2 ball pythons
  4 giant cockroaches
  12 goblins
  13 hobgoblins
  10 jackals
  15 kobolds
  A quokka (D:11)
  8 bats
  3 frilled lizards
  A leopard gecko skeleton (D:4)
  5 rats
  A bush (Lair:5)
  A fungus (Lair:5)
  4 plants
858 creatures vanquished.

Vanquished Creatures (collateral kills)
  2 hydras
  A hornet (Lair:6)
  A dream sheep (Lair:6)
  3 yaks
  A redback (Lair:2)
  A centaur (D:6)
  A big kobold (D:11)
  4 bullfrogs
  A scorpion (D:11)
  A water moccasin skeleton (D:12)
  3 orc wizards
  A jelly (D:8)
  A worker ant (D:7)
  A hound zombie (D:11)
  An adder skeleton (D:8)
  A worm (D:4)
  2 orcs
26 creatures vanquished.

Vanquished Creatures (others)
  2 dart slugs (D:1)
  8 fungi
  7 plants
17 creatures vanquished.

Grand Total: 901 creatures vanquished

Notes
Turn   | Place    | Note
-------+----------+-------------------------------------------
     0 | D:1      | AyuseKozue the Demonspawn Fire Elementalist began the quest
                  | for the Orb.
     0 | D:1      | Reached XP level 1. HP: 13/13 MP: 3/3
    15 | D:1      | Found the +0 Maxwell's etheric cage {RegenMP+ *Contam rElec
                  | MP+4}
   392 | D:1      | Gained mutation: A weak demonic guardian rushes to your
                  | aid. [demonic ancestry]
   392 | D:1      | Reached XP level 2. HP: 17/19 MP: 0/5
   909 | D:2      | Reached XP level 3. HP: 16/24 MP: 1/6
  1473 | D:2      | Gained mutation: When seriously injured, your bleeding
                  | wounds create armour. (AC +6) [demonic ancestry]
  1473 | D:2      | Reached XP level 4. HP: 25/30 MP: 0/8
  2019 | D:3      | You fall through a shaft for 3 floors!
  2023 | D:6      | Reached XP level 5. HP: 35/35 MP: 4/9
  2218 | D:6      | Gained mutation: When hurt, damage is shared between your
                  | health and your magic reserves. [demonic ancestry]
  2218 | D:6      | Reached XP level 6. HP: 41/41 MP: 6/11
  2283 | D:6      | Noticed Blork the orc
  2305 | D:6      | Killed Blork the orc
  2312 | D:6      | Learned a level 3 spell: Conjure Flame
  2317 | D:6      | Learned a level 4 spell: Sticky Flame
  2520 | D:5      | Entered Level 5 of the Dungeon
  2598 | D:5      | Reached XP level 7. HP: 46/46 MP: 5/13
  2870 | D:3      | Reached skill level 5 in Fire Magic
  3817 | D:1      | Gained mutation: You are frail. (-10% HP) [mutagenic glow]
  4411 | D:4      | Noticed Robin
  4423 | D:4      | Killed Robin
  4677 | D:5      | Found an ancient bone altar of Kikubaaqudgha.
  4683 | D:5      | Reached skill level 5 in Spellcasting
  4683 | D:5      | Reached skill level 5 in Conjurations
  4848 | D:5      | Gained mutation: You have sharp fingernails. [demonic
                  | ancestry]
  4848 | D:5      | Reached XP level 8. HP: 42/46 MP: 13/15
  5793 | D:6      | Found a staircase to the Ecumenical Temple.
  5984 | Temple   | Entered the Ecumenical Temple
  6000 | Temple   | Became a worshipper of Vehumet
  6215 | D:6      | Noticed a hornet
  6225 | D:6      | Killed a hornet
  6533 | D:7      | Noticed a hippogriff
  6543 | D:7      | Killed a hippogriff
  6726 | D:7      | Gained mutation: You have very sharp fingernails. [demonic
                  | ancestry]
  6726 | D:7      | Reached XP level 9. HP: 49/51 MP: 17/18
  7036 | D:7      | Learned a level 5 spell: Fireball
  7447 | D:8      | Reached * piety under Vehumet
  7447 | D:8      | Offered knowledge of Sting by Vehumet.
  7649 | D:8      | Noticed a centaur warrior
  7661 | D:8      | HP: 2/51 [centaur warrior (10)]
  7666 | D:8      | Killed a centaur warrior
  7666 | D:8      | Reached XP level 10. HP: 8/56 MP: 0/22
  8558 | D:9      | Found Pooke's Assorted Antiques.
  8576 | D:9      | Offered knowledge of Shock by Vehumet.
  8598 | D:9      | Bought a scroll labeled IDUH QABALL for 31 gold pieces
  8598 | D:9      | Bought a scroll labeled NUYMEU KAWIOT for 31 gold pieces
  8598 | D:9      | Bought 3 scrolls labeled KASHEG DYCW for 93 gold pieces
  8752 | D:9      | Reached ** piety under Vehumet
  8887 | D:9      | Found a staircase to the Lair.
  9320 | D:10     | Entered Level 10 of the Dungeon
 10073 | D:11     | Found an iron altar of Okawaru.
 10075 | D:11     | Reached XP level 11. HP: 61/61 MP: 19/24
 10076 | D:11     | Offered knowledge of Static Discharge by Vehumet.
 10170 | D:11     | Reached skill level 10 in Conjurations
 10389 | Lair:1   | Entered Level 1 of the Lair of Beasts
 10389 | Lair:1   | Noticed Harold
 10395 | Lair:1   | Killed Harold
 10413 | Lair:1   | Reached *** piety under Vehumet
 10543 | Lair:1   | Reached skill level 10 in Fire Magic
 10844 | Lair:1   | Reached skill level 10 in Spellcasting
 10972 | Lair:1   | Got an iridescent long sword
 10973 | Lair:1   | Identified the +4 long sword of Cheibriados's Outrage
                  | {flame, rElec Int-2 Dex+3 SInv} (You found it on level 1 of
                  | the Lair of Beasts)
 11299 | Lair:2   | Noticed a five-headed hydra
 11330 | Lair:2   | Found a hole to the Spider Nest.
 11465 | Lair:2   | Offered knowledge of Ignite Poison by Vehumet.
 11473 | Lair:2   | Killed a five-headed hydra
 11605 | Lair:2   | Noticed robertstho's ghost (journeyman MiCK)
 11614 | Lair:2   | Found a transporter.
 11675 | Lair:2   | Found a transporter.
 11727 | Lair:2   | Found a transporter.
 11757 | Lair:2   | Found a transporter.
 12090 | Lair:2   | Reached XP level 12. HP: 66/66 MP: 20/26
 12454 | Lair:3   | Noticed a four-headed hydra
 12458 | Lair:3   | Killed a four-headed hydra
 12962 | Lair:3   | Reached **** piety under Vehumet
 13209 | Lair:4   | Noticed a catoblepas
 13209 | Lair:4   | Noticed a catoblepas
 13377 | Lair:4   | Found a transporter.
 13377 | Lair:4   | Noticed Mnat's ghost (journeyman MiBe)
 13377 | Lair:4   | Noticed a six-headed hydra
 13378 | Lair:4   | Noticed an eight-headed hydra
 13409 | Lair:4   | Noticed a catoblepas
 13428 | Lair:4   | Killed a catoblepas
 13428 | Lair:4   | Offered knowledge of Throw Icicle by Vehumet.
 13471 | Lair:4   | Found a transporter.
 13705 | Lair:4   | Noticed an eight-headed hydra
 13713 | Lair:4   | Killed an eight-headed hydra
 13718 | Lair:4   | Killed a catoblepas
 13973 | Lair:4   | Found a staircase to the Swamp.
 14074 | Lair:4   | Killed a catoblepas
 14719 | Lair:5   | Noticed a seven-headed hydra
 14723 | Lair:5   | Killed a seven-headed hydra
 14777 | Lair:5   | Noticed an eight-headed hydra
 14784 | Lair:5   | Killed an eight-headed hydra
 14982 | Lair:5   | Noticed a death yak
 14982 | Lair:5   | Noticed a death yak
 14984 | Lair:5   | Noticed a death yak
 14985 | Lair:5   | Killed a death yak
 14985 | Lair:5   | Gained mutation: You have claws for hands. [demonic
                  | ancestry]
 14985 | Lair:5   | Reached XP level 13. HP: 71/71 MP: 16/28
 15342 | Lair:5   | Reached ***** piety under Vehumet
 15397 | Lair:5   | Offered knowledge of Bolt of Fire by Vehumet.
 15405 | Lair:5   | Learned a level 6 spell: Bolt of Fire
 15567 | Lair:5   | Found a basalt altar of Yredelemnul.
 15852 | Lair:6   | Entered Level 6 of the Lair of Beasts
 16352 | Lair:6   | Got a heavily jewelled robe
 16363 | Lair:6   | Identified the cursed +1 robe "Edofas" {Int+4} (You found
                  | it on level 6 of the Lair of Beasts)
 16372 | Lair:6   | Noticed Sonja
 16385 | Lair:6   | Gained mutation: You regenerate magic rapidly. [demonic
                  | ancestry]
 16385 | Lair:6   | Reached XP level 14. HP: 21/76 MP: 10/31
 16387 | Lair:6   | Killed Sonja
 16764 | Lair:6   | Found a staircase to the Slime Pits.
 16764 | Lair:6   | Found a viscous altar of Jiyva.
 16818 | Lair:6   | Reached skill level 1 in Fighting
 16818 | Lair:6   | Reached skill level 1 in Armour
 17651 | Lair:2   | Got a jewelled flail
 17652 | Lair:2   | Identified the +6 flail "Oxirch" {crush, Stlth+} (You found
                  | it on level 2 of the Lair of Beasts)
 17747 | Lair:2   | Lost mutation: You are frail. (-10% HP) [potion of
                  | mutation]
 17747 | Lair:2   | Gained mutation: Your mind is acute. (Int +2) [potion of
                  | mutation]
 17747 | Lair:2   | Gained mutation: You have sharp toenails. [potion of
                  | mutation]
 17747 | Lair:2   | Gained mutation: You have very sharp teeth. [potion of
                  | mutation]
 17794 | Lair:2   | Killed robertstho's ghost
 18217 | D:11     | Noticed Gastronok
 18241 | D:11     | Reached skill level 5 in Fighting
 18246 | D:11     | Killed Gastronok
 18380 | D:11     | Reached skill level 5 in Armour
 18457 | D:11     | Offered knowledge of Iskenderun's Mystic Blast by Vehumet.
 18464 | D:11     | Learned a level 4 spell: Iskenderun's Mystic Blast
 18767 | D:12     | Found Tifauto's Armour Shoppe.
 18767 | D:12     | Found a staircase to the Orcish Mines.
 18767 | D:12     | Found Mesosea's Weapon Shoppe.
 18783 | D:12     | Bought the +3 leather armour of Hide-and-Seek {rN+++ Regen+
                  | Str+4 Dex-3} for 565 gold pieces
 20042 | D:13     | Reached XP level 15. HP: 108/108 MP: 25/32
 20245 | Orc:1    | Entered Level 1 of the Orcish Mines
 20444 | Orc:1    | Reached ****** piety under Vehumet
 20445 | Orc:1    | Offered knowledge of Spellforged Servitor by Vehumet.
 20455 | Orc:1    | Found a roughly hewn altar of Beogh.
 20954 | Orc:2    | Entered Level 2 of the Orcish Mines
 20988 | Orc:2    | Found Senla's Assorted Antiques.
 20992 | Orc:2    | Found a staircase to the Elven Halls.
 20997 | Orc:2    | Bought a scroll labeled QEC YZONOUTRIPT for 23 gold pieces
 21014 | Orc:2    | Noticed an orc warlord
 21021 | Orc:2    | Killed an orc warlord
 21105 | Orc:2    | Found a roughly hewn altar of Beogh.
 21135 | Orc:2    | Found a roughly hewn altar of Beogh.
 21244 | Orc:2    | Noticed Saint Roka
 21344 | Orc:1    | Learned a level 6 spell: Iron Shot
 21459 | Orc:2    | Killed Saint Roka
 21583 | Orc:2    | Found Boamibb's Antique Armour Boutique.
 21584 | Orc:2    | Found a roughly hewn altar of Beogh.
 21587 | Orc:2    | Found Uroethry's Antique Weapon Shop.
 21597 | Orc:2    | Bought a glowing buckler for 187 gold pieces
 21782 | Orc:2    | Found a roughly hewn altar of Beogh.
 21838 | Orc:2    | Found a roughly hewn altar of Beogh.
 21854 | Orc:2    | Found Iroa's Jewellery Shop.
 21860 | Orc:2    | Bought an uncursed amulet of harm for 390 gold pieces
 21936 | Orc:2    | Found a roughly hewn altar of Beogh.
 21979 | Orc:2    | Found a roughly hewn altar of Beogh.
 21989 | Orc:2    | Found Wuci's Magic Scroll Boutique.
 22004 | Orc:2    | Bought a scroll of identify for 24 gold pieces
 22004 | Orc:2    | Bought 3 scrolls of identify for 72 gold pieces
 22004 | Orc:2    | Bought a scroll of blinking for 90 gold pieces
 22056 | Orc:2    | Got an encrusted buckler
 22067 | Orc:2    | Identified the +0 buckler of the Ninety-Nine Ships {Regen+}
                  | (You acquired it on level 2 of the Orcish Mines)
 22086 | Orc:2    | Learned a level 7 spell: Spellforged Servitor
 22094 | Elf:1    | Entered Level 1 of the Elven Halls
 22187 | Elf:1    | Found Weileged's Gadget Boutique.
 22417 | Elf:1    | You fall through a shaft!
 22417 | Elf:2    | Found Canorax's Antique Weapon Shoppe.
 22419 | Elf:2    | Offered knowledge of Poison Arrow by Vehumet.
 22419 | Elf:2    | Reached skill level 1 in Shields
 22420 | Elf:2    | Found Vego's Weapon Emporium.
 22566 | Elf:2    | Found Womab's Assorted Antiques.
 22756 | Elf:2    | Found a runed translucent gate.
 22756 | Elf:2    | Found a runed translucent gate.
 22756 | Elf:2    | Found a runed translucent gate.
 23565 | Swamp:1  | Entered Level 1 of the Swamp
 23969 | Swamp:1  | Noticed Jorgrun
 23980 | Swamp:1  | Killed Jorgrun
 24301 | Swamp:2  | Gained mutation: A demonic guardian rushes to your aid.
                  | [demonic ancestry]
 24301 | Swamp:2  | Reached XP level 16. HP: 84/117 MP: 14/34
 24302 | Swamp:2  | Noticed a thorn hunter
 24436 | Swamp:2  | Reached skill level 15 in Conjurations
 24504 | Swamp:2  | Offered knowledge of Bolt of Cold by Vehumet.
 24516 | Swamp:2  | Killed a thorn hunter
 24516 | Swamp:2  | Reached skill level 5 in Shields
 24659 | Swamp:2  | Noticed a thorn hunter
 24662 | Swamp:2  | Killed a thorn hunter
 24677 | Swamp:2  | Noticed Donald
 24679 | Swamp:2  | Killed Donald
 24815 | Swamp:2  | Noticed a thorn hunter
 24818 | Swamp:2  | Killed a thorn hunter
 24818 | Swamp:2  | Reached skill level 15 in Spellcasting
 25154 | Swamp:3  | Noticed a thorn hunter
 25156 | Swamp:3  | Killed a thorn hunter
 25695 | Swamp:3  | Noticed Bai Suzhen
 25704 | Swamp:3  | Killed Bai Suzhen
 25957 | Swamp:4  | Entered Level 4 of the Swamp
 26004 | Swamp:4  | Found a frozen archway.
 26012 | IceCv    | Entered an ice cave
 26026 | IceCv    | Offered knowledge of Ozocubu's Refrigeration by Vehumet.
 26132 | IceCv    | Noticed an Ice Fiend
 26135 | IceCv    | Killed an Ice Fiend
 26420 | Swamp:4  | Mangled by an alligator zombie

Levels and vault maps discovered:
D:1:      lightli_arrival_boilingwater, layout_rooms, minivault_23,
          lemuel_flame_loot_1
D:2:      layout_rooms, first_ration, st_stairs_3
D:3:      layout_basic, serial_forest, infiniplex_forest_clump_double,
          infiniplex_forest_clump_curved, infiniplex_forest_join,
          infiniplex_forest_clump_long, infiniplex_forest_straight_4,
          infiniplex_forest_straight_5
D:4:      layout_cave_pools, uniq_robin
D:5:      layout_loops_ring, kiku_gazebo_pond_becter
D:6:      layout_basic, minmay_temple_entry_fiery, uniq_blork_the_orc
D:7:      layout_gridville
D:8:      layout_cave_pools
D:9:      layout_irregular_city, david_lair_shrubbed, serial_shops, shop
D:10:     layout_rooms
D:11:     wad_arrow_thing, layout_basic, basic_altar, uniq_gastronok
D:12:     layout_basic, orc_david_3, hangedman_stone_soup
D:13:     layout_long_grid, kennysheep_dice
Temple:   compressed_dpeg_circular_temple
Lair:1:   layout_hall_layers, grunt_megastairs_5, uniq_harold
Lair:2:   gammafunk_cloud_chamber, layout_small_grid,
          nicolae_spider_entry_tight_spaces, gammafunk_ghost_berserking_beasts,
          patterned_corridor, lemuel_fruit_fields
Lair:3:   layout_concentric_octagons, serial_bayou_pond_e
Lair:4:   nzn_motion_control, layout_layer_cave, swamp_mist_pool,
          gammafunk_ghost_berserking_beasts, minmay_stone_trees_small,
          cheibrodos_lair_lostbears, serial_bayou_shore_a
Lair:5:   layout_regular_city, basic_altar, minmay_lair_oklob_chamber
Lair:6:   minmay_lair_end_enchanted_forest, layout_regular_city, slime_altar_1,
          uniq_sonja
Swamp:1:  layout_basic_swamp, nicolae_swamp_triple_paths, uniq_jorgrun
Swamp:2:  layout_basic_swamp, nicolae_swamp_very_dense_foliage,
          infiniplex_staircase_pool, uniq_donald
Swamp:3:  layout_falls_marsh, evilmike_swamp_ruin_house_3, swamp_pool2,
          uniq_bai_suzhen
Swamp:4:  swamp_pestilence, layout_basic_swamp, portal_ice_cave_entry_dragon
Orc:1:    cheibrodos_orc_guarddog, layout_caves, basic_altar
Orc:2:    grunt_orc_community_town_hall, layout_diamond_mine,
          grunt_orc_community_big_house_1, grunt_orc_community_big_house_2,
          grunt_orc_community_house_1, grunt_orc_community_house_3,
          grunt_orc_community_house_3, grunt_orc_community_house_1,
          grunt_orc_community_house_3, grunt_orc_community_house_2,
          serial_shops, shop
Elf:1:    layout_geoelf_grid, serial_shops, nicolae_shop_behind_doors,
          hangedman_elf_represent, due_unseen_surprise,
          roderic_lattice_octagonal_star
Elf:2:    layout_loops_cross, serial_shops, shop, nicolae_shop_waterfront, shop
IceCv:    ice_cave_tombish

Skill      XL: |  1  2  3  4  5  6  7  8  9 10 11 12 13 14 15 16 |
---------------+-------------------------------------------------+-----
Fire Magic     | 3 4 5 6 8 9 10 12 13 14 | 14.8
Conjurations   | 2 3 4 5 6 8 9 11 12 13 14 15 | 15.7
Spellcasting   | 3 4 5 6 8 9 10 11 13 14 15 | 15.4
Fighting       | 7 8 |  8.1
Armour         | 5 |  5.0
Shields        | 4 7 |  7.0
Dodging        | |  1.7
Stealth        | |  1.7

Action                   |  1- 3 |  4- 6 |  7- 9 | 10-12 | 13-15 | 16-18 || total
-------------------------+-------+-------+-------+-------+-------+-------++-------
Melee: Short sword       |    17 |       |       |       |       |       ||    17
       Unarmed           |     5 |       |       |       |       |       ||     5
       Whip              |    23 |    24 |    29 |       |       |       ||    76
       Spear             |       |       |    90 |    79 |     7 |       ||   176
       Flail             |       |       |       |       |    45 |     2 ||    47
       Bite              |       |       |       |       |     2 |     1 ||     3
 Cast: Flame Tongue      |    62 |    57 |   252 |   197 |    13 |       ||   581
       Sticky Flame      |       |       |    18 |    56 |    52 |     6 ||   132
       Conjure Flame     |       |       |     5 |     6 |     1 |       ||    12
       Fireball          |       |       |     1 |   108 |   405 |    91 ||   605
       Bolt of Fire      |       |       |       |       |    93 |    72 ||   165
       Iron Shot         |       |       |       |       |    15 |    15 ||    30
       Iskenderun's Myst |       |       |       |       |     3 |       ||     3
       Spellforged Servi |       |       |       |       |     1 |       ||     1
Evoke: Wand              |       |       |       |       |    20 |       ||    20
  Use: Potion            |     7 |       |     4 |       |    11 |     1 ||    23
       Scroll            |       |       |       |     8 |    19 |     6 ||    33
  Eat: Chunk             |     2 |     4 |    18 |    31 |    38 |     4 ||    97
       Ration            |       |       |       |     1 |     2 |     3 ||     6
Armor: Robe              |    20 |    10 |    45 |     8 |    10 |       ||    93
       Ring mail         |       |       |       |    63 |    19 |       ||    82
       Skin              |       |       |       |       |    53 |       ||    53
       Leather armour    |       |       |       |       |    30 |    22 ||    52
Dodge: Dodged            |    95 |    41 |   154 |   111 |   113 |    32 ||   546
Block: Buckler           |       |       |       |       |     1 |     6 ||     7

Table legend:
 A = Non-vault XP
 B = Vault XP
 C = Vault XP percentage of total XP
 D = Non-vault monster count
 E = Vault monster count
 F = Vault count percentage of total count
                 A         B        C        D         E       F
            +---------+---------+-------+---------+---------+-------
      Total |  142717 |   70106 |  32.9 |     638 |     240 |  27.3
            +---------+---------+-------+---------+---------+-------
        D:1 |      31 |       0 |   0.0 |      18 |       0 |   0.0
        D:2 |      99 |      18 |  15.4 |      27 |       2 |   6.9
        D:3 |     189 |       0 |   0.0 |      31 |       0 |   0.0
        D:4 |     236 |      36 |  13.2 |      18 |      12 |  40.0
        D:5 |     442 |       0 |   0.0 |      19 |       0 |   0.0
        D:6 |    1195 |      78 |   6.1 |      21 |       1 |   4.5
        D:7 |    2010 |       0 |   0.0 |      33 |       0 |   0.0
        D:8 |    2216 |       0 |   0.0 |      30 |       0 |   0.0
        D:9 |    1887 |     355 |  15.8 |      21 |       1 |   4.5
       D:10 |    2091 |       0 |   0.0 |      19 |       0 |   0.0
       D:11 |    3478 |    5395 |  60.8 |      31 |      12 |  27.9
       D:12 |    6491 |    1164 |  15.2 |      25 |       8 |  24.2
       D:13 |    6352 |     772 |  10.8 |      27 |       3 |  10.0
     Lair:1 |    2609 |    1512 |  36.7 |      11 |       5 |  31.2
     Lair:2 |    3844 |    5609 |  59.3 |      14 |      20 |  58.8
     Lair:3 |    4497 |       0 |   0.0 |      18 |       0 |   0.0
     Lair:4 |    2447 |    3489 |  58.8 |       6 |       6 |  50.0
     Lair:5 |   18764 |    3473 |  15.6 |      32 |      10 |  23.8
     Lair:6 |   14761 |    8312 |  36.0 |      56 |      40 |  41.7
    Swamp:1 |    8731 |    3132 |  26.4 |      19 |       1 |   5.0
    Swamp:2 |   22435 |    1874 |   7.7 |      38 |       1 |   2.6
    Swamp:3 |   12605 |    5506 |  30.4 |      33 |       1 |   2.9
    Swamp:4 |    7137 |    1744 |  19.6 |      23 |       2 |   8.0
      Orc:1 |     665 |     657 |  49.7 |      17 |       4 |  19.0
      Orc:2 |    3147 |    9185 |  74.5 |      24 |      75 |  75.8
      Elf:1 |    4866 |    5800 |  54.4 |      10 |       8 |  44.4
      Elf:2 |    9492 |    2863 |  23.2 |      17 |       5 |  22.7
      IceCv |       0 |    9132 | 100.0 |       0 |      23 | 100.0
            +---------+---------+-------+---------+---------+-------
